 Dungeon Crawl Stone Soup version 0.26-a0-1012-gedcf9b2963 (webtiles) character file.

Game seed: 16803280232204392771

190568 Delamore the Bludgeoner (level 18, -9/119 HPs)
             Began as a Gargoyle Fighter on Dec 7, 2020.
             Was the Champion of Okawaru.
             Killed from afar by a salamander mystic (27 damage)
             ... with a bolt of magma
             ... on level 4 of the Snake Pit.
             The game lasted 00:48:14 (33127 turns).

Delamore the Bludgeoner (Gargoyle Fighter)         Turns: 33127, Time: 00:48:15

Health: -9/119     AC: 43    Str: 28    XL:     18   Next: 62%
Magic:  23/30      EV:  8    Int: 14    God:    Okawaru [******]
Gold:   1451       SH: 15    Dex: 15    Spells: 17/17 levels left

rFire    + . .     SeeInvis .   Y - +2 demon whip of Reshan {freeze, MP+9 Str+2 Int+4}
rCold    + . .     Faith    .   q - +0 kite shield {rN+}
rNeg     + + +     Spirit   .   z - +6 crystal plate armour
rPois    ∞         Reflect  .   L - +2 hat
rElec    +         Harm     .   m - -3 cloak of Fedhas's Esteem {*Contam rC+ WL+ Slay+2} (curse)
rCorr    .         Rampage  +   P - +3 pair of gloves of the Engineer {rN+ WL- Regen+ Int+2}
Will     +++..     Rnd*Rage +   x - +2 pair of boots {rampage}
Stlth    ..........             T - necklace of Bloodlust {*Rage +Rage WL++ Int-3 Slay+6 *Curse} (curse)
HPRegen  0.69/turn              p - ring "Vasteuqo" {rF+ Dex+6}
MPRegen  0.22/turn              s - +4 ring of slaying

@: berserk cooldown, flying, slowed, constricted, studying Fire Magic, very slow
A: big wings, negative energy resistance 1, electricity resistance, unbreathing,
petrification resistance, rot immunity, AC +13
a: Stop Flying, Heroism, Finesse, Renounce Religion, Evoke Berserk Rage


You were on level 4 of the Snake Pit.
You worshipped Okawaru.
Okawaru was exalted by your worship.
You visited 4 branches of the dungeon, and saw 27 of its levels.
You also visited: Gauntlet.

You collected 3534 gold pieces.
You spent 2083 gold pieces at shops.

Inventory:

Hand Weapons
 r - a +2 vampiric morningstar
 Y - the +2 demon whip of Reshan (weapon) {freeze, MP+9 Str+2 Int+4}
   (Okawaru gifted it to you on level 13 of the Dungeon)

   It has been specially enchanted to freeze those struck by it, causing extra
   injury to most foes and up to half again as much damage against particularly
   susceptible opponents.
   It can also slow down cold-blooded creatures.
   It affects your strength (+2).
   It affects your intelligence (+4).
   It affects your magic capacity (+9).
Missiles
 C - 3 throwing nets (quivered)
 U - 21 silver javelins
Armour
 m - the cursed -3 cloak of Fedhas's Esteem (worn) {*Contam rC+ WL+ Slay+2}
   (You found it in a Gauntlet)

   It affects your accuracy and damage with ranged weapons and melee attacks
   (+2).
   It protects you from cold.
   It affects your willpower, your defense against some magical effects.
   It causes magical contamination when unequipped.
   It has a curse placed upon it.
 q - a +0 kite shield of positive energy (worn)
 x - a +2 pair of boots of rampaging (worn)
 z - a +6 crystal plate armour (worn)
 L - a +2 hat (worn)
 P - the +3 pair of gloves of the Engineer (worn) {rN+ WL- Regen+ Int+2}
   (You bought it in a shop on level 1 of the Orcish Mines)

   It affects your intelligence (+2).
   It protects you from negative energy.
   It affects your willpower, your defense against some magical effects.
   It increases your rate of regeneration.
 W - a +1 pair of gloves
Jewellery
 p - the ring "Vasteuqo" (left hand) {rF+ Dex+6}
   (You found it on level 9 of the Dungeon)

   [ring of protection from fire]

   It affects your dexterity (+6).
   It protects you from fire.
 s - a +4 ring of slaying (right hand)
 u - a +4 ring of slaying
 y - an uncursed amulet of reflection
 Q - an uncursed ring of see invisible
 T - the cursed necklace of Bloodlust (around neck) {*Rage +Rage WL++ Int-3 Slay+6 *Curse}
   (You found it in a Gauntlet)

   [amulet of nothing]

   It affects your intelligence (-3).
   It affects your accuracy and damage with ranged weapons and melee attacks
   (+6).
   It affects your willpower, your defense against some magical effects.
   It lets you go berserk.
   It may make you go berserk in combat.
   It curses itself when equipped.
   It has a curse placed upon it.
Wands
 b - a wand of digging (28)
 h - a wand of paralysis (10)
 j - a wand of acid (32)
 k - a wand of disintegration (15)
 D - a wand of flame (100)
 G - a wand of iceblast (26)
Scrolls
 e - a scroll of amnesia
 i - 10 scrolls of enchant weapon
 n - 14 scrolls of remove curse
 o - 8 scrolls of teleportation
 t - 5 scrolls of identify
 w - 3 scrolls of immolation
 A - 4 scrolls of blinking
 B - 2 scrolls of fear
 F - a scroll of brand weapon
 M - 3 scrolls of fog
 N - 4 scrolls of magic mapping
 O - a scroll of vulnerability
 R - 4 scrolls of summoning
 Z - a scroll of silence
Potions
 a - a potion of magic
 c - a potion of ambrosia
 d - 10 potions of might
 f - 7 potions of curing
 v - 2 potions of berserk rage
 E - 6 potions of resistance
 K - 2 potions of cancellation
 S - 6 potions of haste
 X - 2 potions of mutation
Books
 V - a manual of Fire Magic
Miscellaneous
 l - a phantom mirror


   Skills:
 - Level 15.0 Fighting
 - Level 16.0 Maces & Flails
 - Level 3.3 Armour
 - Level 13.5 Dodging
 - Level 15.0 Shields
 + Level 14.2 Translocations
 - Level 5.0 Invocations
 - Level 5.0 Evocations


You had 17 spell levels left.
You didn't know any spells.
Your spell library contained the following spells:

 Spells                   Type           Power        Failure   Level
 Apportation              Tloc           #####.       4%          1
 Blink                    Tloc           N/A          8%          2
 Gell's Gravitas          Tloc           #####.....   16%         3
 Lesser Beckoning         Tloc           #####.....   16%         3
 Teleport Other           Tloc           #####...     16%         3
 Passage of Golubria      Tloc           N/A          45%         4
 Animate Skeleton         Necr           #.....       100%        1
 Beastly Appendage        Tmut           #.....       100%        1
 Corona                   Hex            #......      100%        1
 Magic Dart               Conj           #...         100%        1
 Shock                    Conj/Air       #...         100%        1
 Sting                    Tmut/Pois      #...         100%        1
 Summon Small Mammal      Summ           #...         100%        1
 Call Imp                 Summ           #.......     100%        2
 Ensorcelled Hibernation  Hex/Ice        #.....       100%        2
 Poisonous Vapours        Pois/Air       #.....       100%        2
 Searing Ray              Conj           #.....       100%        2
 Swiftness                Air            #.......     100%        2
 Wereblood                Tmut           #.......     100%        2
 Call Canine Familiar     Summ           #.......     100%        3
 Confusing Touch          Hex            #.......     100%        3
 Dazzling Flash           Conj/Hex       #.....       100%        3
 Ignite Poison            Fire/Tmut/Pois #.......     100%        3
 Mephitic Cloud           Conj/Pois/Air  #.......     100%        3
 Spider Form              Tmut/Pois      #.........   100%        3
 Static Discharge         Conj/Air       #.......     100%        3
 Summon Guardian Golem    Hex/Summ       #.......     100%        3
 Tukima's Dance           Hex            #.......     100%        3
 Airstrike                Air            #.........   100%        4
 Cause Fear               Hex            #.........   100%        4
 Fulminant Prism          Conj/Hex       #.........   100%        4
 Ice Form                 Ice/Tmut       #.......     100%        4
 Iskenderun's Mystic Bla  Conj/Tloc      ###.....     100%        4
 Leda's Liquefaction      Hex/Erth       #.........   100%        4
 Olgreb's Toxic Radiance  Pois           #.......     100%        4
 Petrify                  Tmut/Erth      #.......     100%        4
 Summon Ice Beast         Ice/Summ       #.......     100%        4
 Summon Lightning Spire   Summ/Air       #.......     100%        4
 Alistair's Intoxication  Tmut/Pois      #........    100%        5
 Blade Hands              Tmut           #.........   100%        5
 Bolt of Magma            Conj/Fire/Erth #.........   100%        5
 Lightning Bolt           Conj/Air       #.........   100%        5
 Metabolic Englaciation   Hex/Ice        #.........   100%        5
 Silence                  Hex/Air        #.........   100%        5
 Yara's Violent Unravell  Hex/Tmut       #.........   100%        5
 Invisibility             Hex            #.......     100%        6
 Iron Shot                Conj/Erth      #.........   100%        6
 Discord                  Hex            #.........   100%        8
 Shatter                  Erth           #.........   100%        9
 Statue Form              Tmut/Erth      Unusable     N/A         6

Dungeon Overview and Level Annotations

Branches:
Dungeon (15/15)            Temple (0/1) D:6            Lair (6/6) D:9
 Shoals (0/4) Lair:3        Snake (4/4) Lair:4        Slime (0/5) Lair:5
    Orc (2/2) D:9             Elf (0/3) Orc:2        Vaults (0/5) D:13
 Depths (0/5) D:15        Gauntlet (visited)

Altars:
Cheibriados
Dithmenos
Elyvilon
Fedhas
Gozag
Hepliaklqana
Okawaru
Qazlal
Trog
Wu Jian
Xom
Beogh
Jiyva

Shops:
D:6 [   D:9 (   D:13 [   D:14 *[}(   Orc:1 !**   Orc:2 **}?}   Snake:2 =}}
Snake:3 ?!((

Annotations:
Lair:2 exclusion: 4 oklob plants


Innate Abilities, Weirdness & Mutations

You are resistant to torment.
Your stone body is resilient. (AC +13)
You are immune to poison.
Your large and strong wings let you fly indefinitely.
You resist negative energy. (rN+)
You are resistant to electric shocks. (rElec)
You can survive without breathing.
You are immune to petrification.
You are immune to rotting.


Message History

The salamander mystic is severely wounded.
You block the naga warrior's attack. You block the nagaraja's attack.
The nagaraja grabs you. The nagaraja constricts you.
A naga warrior comes into view. It is wielding a +2 hand axe of venom.
The salamander mystic hits you with a +0 dagger.
You are engulfed in flames.
You resist.
* * * LOW HITPOINT WARNING * * *
The mana viper bites you!
* * * LOW HITPOINT WARNING * * *
You feel your power leaking away.
You barely miss the salamander mystic.
The salamander mystic is severely wounded.
The naga warrior hits you but does no damage.
The nagaraja casts a spell at you. The poison arrow hits you!
You partially resist.
* * * LOW HITPOINT WARNING * * *
x2 The nagaraja constricts you.
You block the mana viper's attack.
The salamander mystic casts a spell at you.
The bolt of magma hits you!! You partially resist.
You die...

.##...#....##...###
..)...............#
#...
##......#.#########
#...# #........# #...#
#####....## #...# .
..####.#.# ##...##..
#......#.###
##N.......
......#....#
##NNN.N....
.####...##.# ##)@SNN#
.......###.###)))##..#
.###...# #.##)))## .N#
.# #...# #.#.))## ..#
#####..# #.'.)## ..#
...###.# #.'..# .#
##..##.###.#...# #
###.....##.##...#
#####...#..###...#


You could see 2 naga warriors, a nagaraja (fast, catching breath), a naga
sharpshooter (fast), 2 salamander mystics, a mana viper and 2 nagas.

Vanquished Creatures
  Nikola (Snake:1)
  Rupert (D:14)
  Asterion (Snake:2)
  Gastronok (D:9)
  12 nagarajas
  An orc warlord (Orc:2)
  Azrael (Orc:2)
  A minotaur (Gauntlet)
  A merfolk javelineer (Orc:2)
  The ghost of PentaManta the Brawler, a journeyman VSMo of Dithmenos (Orc:2)
  An ettin (D:15)
  A fire dragon (Lair:6)
  A merfolk impaler (Orc:2)
  4 vault guards (D:13)
  4 hydras
  A rakshasa (D:15)
  Harold (D:8)
  5 boulder beetles
  3 catoblepae
  7 centaur warriors
  16 naga warriors
  10 anacondas
  A death knight (D:15)
  An ogre mage (D:15)
  The ghost of Guecuaq the Covert, a journeyman KoDe of Cheibriados (Orc:1)
  3 tengu warriors
  7 two-headed ogres
  4 shock serpents
  9 naga sharpshooters
  An orc high priest (Orc:2)
  A spriggan (Lair:4)
  4 salamander mystics
  3 sea snakes (Snake:4)
  4 unseen horrors
  5 skeletal warriors (D:15)
  A wizard (D:13)
  Pikel (D:9)
  9 naga ritualists
  3 orc knights
  2 deep elf archers
  A harpy (shapeshifter) (D:15)
  11 mana vipers
  5 lindwurms
  2 manticores
  2 deep elf magi (D:15)
  6 cyclopes
  5 orc sorcerers (Orc:2)
  13 salamanders
  2 salamanders (shapeshifter)
  7 ugly things
  Joseph (D:8)
  2 centaur zombies
  6 guardian serpents
  7 elephants
  33 black mambas
  19 naga magi
  6 gargoyles
  2 molten gargoyles (Lair:6)
  14 cane toads
  A torpor snail (Lair:3)
  18 komodo dragons
  A rime drake (Lair:6)
  A centaur skeleton (D:11)
  Maggie (D:8)
  An efreet (D:13)
  2 tengu conjurers
  A yaktaur (D:13)
  A meliai (shapeshifter) (D:13)
  3 meliai (Lair:5)
  3 polar bears
  A hornet (Lair:4)
  A queen bee (Lair:5)
  2 slime creatures (D:14)
  7 trolls
  29 blink frogs
  5 dream sheep (Lair:6)
  4 flying skulls (Gauntlet)
  6 shadows
  A water elemental (D:11)
  6 wraiths
  51 yaks
  A human (D:13)
  3 wyverns
  3 fire bats (Gauntlet)
  11 basilisks
  A golden eye (shapeshifter) (D:15)
  2 steam dragons
  5 fire elementals (Orc:2)
  5 wargs
  Grum (D:8)
  39 nagas
  6 vampire mosquitoes
  13 water moccasins
  4 acid dragons (D:13)
  6 hell hounds
  3 soldier ants
  A meliai simulacrum (D:13)
  21 orc warriors
  9 ice beasts
  2 sky beasts
  An eye of draining (D:10)
  44 wolves
  A necrophage (D:6)
  16 ogres
  9 centaurs
  Blork the orc (D:5)
  28 bullfrogs
  A gnoll sergeant (Orc:1)
  3 scorpions
  12 wights
  22 killer bees (Lair:5)
  4 howler monkeys
  8 electric eels
  A bullfrog zombie (D:7)
  5 lava snakes (Lair:6)
  6 jellies
  23 orc priests
  6 hounds
  3 bullfrog skeletons
  3 iguanas
  5 hell rats (Lair:1)
  49 orc wizards
  11 worker ants
  A hound zombie (D:5)
  2 worker ant zombies (D:9)
  4 gnolls
  3 river rats (Lair:1)
  12 adders
  3 shadow imps
  7 white imps
  3 ufetubi
  An adder zombie (D:5)
  An adder skeleton (D:4)
  4 worms
  2 dart slugs (D:1)
  3 leopard geckos
  87 orcs
  8 bats
  8 giant cockroaches
  6 goblins
  6 hobgoblins
  7 jackals
  3 kobolds
  4 quokkas
  5 ball pythons
  6 frilled lizards
  A jackal skeleton (D:4)
  2 quokka skeletons
  A quokka zombie (D:8)
  24 rats
1037 creatures vanquished.

Vanquished Creatures (others)
  A mana viper (Snake:4)
  A black mamba (Snake:3)
  A wyvern (Lair:6)
  2 orc wizards (Orc:2)
  15 demonic plants (Gauntlet)
  36 fungi
  24 plants
80 creatures vanquished.

Grand Total: 1117 creatures vanquished

Notes
Turn   | Place    | Note
-------+----------+-------------------------------------------
     0 | D:1      | Delamore the Gargoyle Fighter began the quest for the Orb.
     0 | D:1      | Reached XP level 1. HP: 14/14 MP: 1/1
   150 | D:1      | Reached XP level 2. HP: 17/19 MP: 2/2
   353 | D:1      | Reached XP level 3. HP: 24/24 MP: 3/3
   653 | D:2      | Found a shadowy altar of Dithmenos.
  1054 | D:2      | Reached XP level 4. HP: 29/29 MP: 4/4
  1117 | D:2      | You fall into a shaft and drop 2 floors!
  1255 | D:4      | Reached skill level 3 in Maces & Flails
  1291 | D:4      | Reached XP level 5. HP: 29/34 MP: 5/5
  1797 | D:4      | Found a glowing drain.
  1812 | D:4      | You fall into a shaft and drop 1 floor!
  1812 | D:5      | Entered Level 5 of the Dungeon
  2010 | D:2      | Reached XP level 6. HP: 34/40 MP: 6/6
  2424 | D:3      | Found a white marble altar of Elyvilon.
  2428 | D:3      | Found an iron altar of Okawaru.
  2440 | D:3      | Became a worshipper of Warmaster Okawaru
  2444 | D:3      | Reached skill level 5 in Fighting
  2520 | D:3      | Reached skill level 5 in Shields
  3202 | D:5      | Reached skill level 4 in Maces & Flails
  3249 | D:5      | Noticed Blork the orc
  3291 | D:5      | Killed Blork the orc
  3516 | D:5      | Noticed an ice beast
  3534 | D:5      | Killed an ice beast
  3535 | D:5      | Reached skill level 5 in Maces & Flails
  3535 | D:5      | Reached XP level 7. HP: 31/44 MP: 7/7
  3806 | D:5      | Reached * piety under Okawaru
  3876 | D:4      | Reached skill level 6 in Maces & Flails
  4110 | D:5      | Reached skill level 7 in Maces & Flails
  4267 | D:5      | Found a snail-covered altar of Cheibriados.
  4561 | D:6      | Reached XP level 8. HP: 34/49 MP: 8/8
  4846 | D:6      | Found a staircase to the Ecumenical Temple.
  4860 | D:6      | Reached skill level 8 in Maces & Flails
  4867 | D:6      | Reached ** piety under Okawaru
  4984 | D:6      | Found Kanitos's Armour Emporium.
  5214 | D:6      | Reached skill level 9 in Maces & Flails
  5451 | D:6      | Reached skill level 10 in Maces & Flails
  5514 | D:6      | Reached XP level 9. HP: 37/54 MP: 9/9
  5534 | D:6      | Reached *** piety under Okawaru
  5550 | D:6      | HP: 2/81 [orc warrior/+0 glaive (6)]
  6334 | D:7      | Reached skill level 11 in Maces & Flails
  6918 | D:8      | Noticed Grum
  6923 | D:8      | Noticed Maggie
  7309 | D:8      | Killed Grum
  7310 | D:8      | Reached skill level 12 in Maces & Flails
  7317 | D:8      | Killed Maggie
  7317 | D:8      | Reached **** piety under Okawaru
  7456 | D:8      | Noticed Joseph
  7470 | D:8      | Killed Joseph
  7471 | D:8      | Reached XP level 10. HP: 25/59 MP: 7/10
  7684 | D:8      | Reached skill level 13 in Maces & Flails
  7740 | D:8      | Found a shimmering altar of Xom.
  7741 | D:8      | Found a blossoming altar of Fedhas.
  7741 | D:8      | Found a hazy altar of Hepliaklqana.
  7743 | D:8      | Found an ornate altar of the Wu Jian Council.
  7941 | D:8      | Noticed Harold
  7960 | D:8      | Killed Harold
  8189 | D:8      | Noticed a moth of wrath
  8229 | D:8      | Found a bloodstained altar of Trog.
  8516 | D:9      | Reached skill level 14 in Maces & Flails
  8568 | D:9      | Found a stormy altar of Qazlal.
  8793 | D:9      | Reached skill level 1 in Dodging
  8811 | D:9      | Noticed Pikel
  8830 | D:9      | Killed Pikel
  8830 | D:9      | Reached ***** piety under Okawaru
  9101 | D:9      | Noticed a two-headed ogre
  9111 | D:9      | Killed a two-headed ogre
  9112 | D:9      | Reached XP level 11. HP: 41/67 MP: 11/11
  9266 | D:9      | Noticed Gastronok
  9300 | D:9      | Killed Gastronok
  9493 | D:9      | Found a staircase to the Orcish Mines.
  9619 | D:9      | Found Meakh's Weapon Shoppe.
  9698 | D:9      | Found a staircase to the Lair.
  9820 | D:9      | Reached skill level 5 in Dodging
 10112 | D:9      | Noticed a lindwurm
 10129 | D:9      | Noticed a lindwurm
 10130 | D:9      | Noticed a lindwurm
 10131 | D:9      | Noticed a lindwurm
 10874 | D:9      | Noticed a manticore
 10880 | D:10     | Entered Level 10 of the Dungeon
 10881 | D:10     | Found an opulent altar of Gozag.
 10907 | D:9      | Killed a manticore
 10907 | D:9      | Received a gift from Okawaru
 12007 | D:11     | Reached XP level 12. HP: 24/77 MP: 5/12
 12011 | D:11     | Reached skill level 10 in Fighting
 12402 | D:11     | Noticed a two-headed ogre
 12421 | D:11     | Killed a two-headed ogre
 12739 | D:11     | Received a gift from Okawaru
 12769 | D:11     | Reached ****** piety under Okawaru
 13276 | D:11     | Found a shadowy altar of Dithmenos.
 13706 | D:12     | Found a shimmering altar of Xom.
 14535 | Lair:1   | Entered Level 1 of the Lair of Beasts
 14713 | Lair:1   | Reached skill level 15 in Maces & Flails
 14976 | Lair:1   | Received a gift from Okawaru
 15418 | Lair:1   | Reached XP level 13. HP: 84/84 MP: 13/13
 16181 | Lair:2   | Found the +7 mace of Variability {chain chaos}
 16667 | Lair:3   | Found a gate leading to a gauntlet.
 16676 | Gauntlet | Entered a Gauntlet
 16676 | Gauntlet | Found a transporter.
 16687 | Gauntlet | Found a transporter.
 16689 | Gauntlet | Found a transporter.
 16691 | Gauntlet | Found a transporter.
 16706 | Gauntlet | Found a transporter.
 16721 | Gauntlet | Found a transporter.
 16729 | Gauntlet | Found a transporter.
 16748 | Gauntlet | Found a transporter.
 16757 | Gauntlet | Found the cursed necklace of Bloodlust {*Rage +Rage WL++
                  | Int-3 Slay+6 *Curse}
 16766 | Gauntlet | Found a transporter.
 16808 | Gauntlet | Found a transporter.
 16833 | Gauntlet | Noticed a minotaur
 16841 | Gauntlet | Noticed a blizzard demon
 16848 | Gauntlet | Found a transporter.
 16870 | Gauntlet | Found a transporter.
 16879 | Gauntlet | Found a transporter.
 16887 | Gauntlet | Noticed a death ooze
 16896 | Gauntlet | Found a transporter.
 16902 | Gauntlet | Found a transporter.
 16902 | Gauntlet | Found a transporter.
 16935 | Gauntlet | Found a transporter.
 16995 | Gauntlet | Found a transporter.
 17041 | Gauntlet | Received a gift from Okawaru
 17431 | Gauntlet | Got a spiked cloak
 17442 | Gauntlet | Identified the cursed -3 cloak of Fedhas's Esteem {*Contam
                  | rC+ WL+ Slay+2} (You found it in a Gauntlet)
 17614 | Gauntlet | Got a steaming helmet
 17629 | Gauntlet | Identified the +1 helmet "Upenk" {rF+ Int+6 Slay-4} (You
                  | found it in a Gauntlet)
 17658 | Gauntlet | Identified the +0 hand crossbow of Zuniulab {venom, rPois
                  | Str+6 Int+5 Dex-3}
 17669 | Gauntlet | Killed a minotaur
 17727 | Lair:3   | You fall into a shaft and drop 2 floors!
 17845 | Lair:4   | Received a gift from Okawaru
 18252 | Lair:3   | Found a staircase to the Shoals.
 19363 | Lair:4   | Reached skill level 16 in Maces & Flails
 19405 | Lair:4   | Gained mutation: Your large and strong wings let you fly
                  | indefinitely. [Gargoyle growth]
 19405 | Lair:4   | Reached XP level 14. HP: 48/94 MP: 14/14
 19778 | Lair:4   | Reached skill level 10 in Dodging
 19838 | Lair:4   | Found a staircase to the Snake Pit.
 21146 | Lair:5   | Received a gift from Okawaru
 21258 | Lair:5   | Found a viscous altar of Jiyva.
 21259 | Lair:5   | Found a staircase to the Slime Pits.
 22127 | Lair:6   | Entered Level 6 of the Lair of Beasts
 22228 | Lair:6   | Received a gift from Okawaru
 22532 | Lair:6   | Identified a scroll of acquirement
 22543 | Lair:6   | Acquired a manual of Translocations
 22893 | Lair:6   | Received a gift from Okawaru
 23105 | Lair:6   | Reached skill level 15 in Fighting
 23391 | Lair:6   | Found a large runed translucent door.
 23391 | Lair:6   | Found a large runed translucent door.
 23414 | Lair:6   | Received a gift from Okawaru
 23791 | Lair:6   | Reached XP level 15. HP: 100/103 MP: 15/15
 24320 | D:9      | Got a glittering jade ring
 24321 | D:9      | Identified the ring "Vasteuqo" {rF+ Dex+6} (You found it on
                  | level 9 of the Dungeon)
 24343 | Orc:1    | Entered Level 1 of the Orcish Mines
 24501 | Orc:1    | Found a roughly hewn altar of Beogh.
 24518 | Orc:1    | You are sucked into a shaft and drop 1 floor!
 24518 | Orc:2    | Entered Level 2 of the Orcish Mines
 24543 | Orc:2    | Found Cequol's General Store.
 24543 | Orc:2    | Found Ehekyepe's Magic Scroll Emporium.
 24558 | Orc:2    | Noticed Azrael
 24563 | Orc:2    | Found a staircase to the Elven Halls.
 24652 | Orc:2    | Killed Azrael
 25003 | Orc:2    | Found Foajext's Gadget Shoppe.
 25344 | Orc:2    | Found Kexo's Gadget Emporium.
 25345 | Orc:2    | Found Taoqoil's Assorted Antiques.
 25351 | Orc:2    | Bought a scroll of enchant armour for 97 gold pieces
 25351 | Orc:2    | Bought a scroll of identify for 26 gold pieces
 25351 | Orc:2    | Bought a scroll of identify for 26 gold pieces
 25351 | Orc:2    | Bought a scroll of enchant armour for 97 gold pieces
 25354 | Orc:2    | Bought a scroll of brand weapon for 360 gold pieces
 25452 | Orc:2    | Found a runed translucent gate.
 25453 | Orc:2    | Found a runed translucent gate.
 25453 | Orc:2    | Found a runed translucent gate.
 25453 | Orc:2    | Noticed an orc warlord
 25454 | Orc:2    | Noticed PentaManta's ghost (journeyman VSMo)
 25456 | Orc:2    | Found an iron altar of Okawaru.
 25476 | Orc:2    | Killed an orc warlord
 25494 | Orc:2    | Killed PentaManta's ghost
 25511 | Orc:2    | Received a gift from Okawaru
 25767 | Orc:1    | Found Quicaits's Distillery.
 25778 | Orc:1    | Found Cowonei's Assorted Antiques.
 25787 | Orc:1    | Bought a scroll of identify for 60 gold pieces
 25808 | Orc:1    | Bought a potion of might for 68 gold pieces
 25808 | Orc:1    | Bought a potion of might for 68 gold pieces
 25808 | Orc:1    | Bought a potion of haste for 170 gold pieces
 25808 | Orc:1    | Bought a potion of cancellation for 136 gold pieces
 26009 | Orc:1    | Noticed Guecuaq's ghost (journeyman KoDe)
 26010 | Orc:1    | Found a transporter.
 26010 | Orc:1    | Found a transporter.
 26037 | Orc:1    | Reached skill level 1 in Invocations
 26037 | Orc:1    | Reached skill level 1 in Evocations
 26043 | Orc:1    | Killed Guecuaq's ghost
 26103 | Orc:1    | Found Linudatto's General Store.
 26123 | Orc:1    | Bought the +3 pair of gloves of the Engineer {rN+ WL-
                  | Regen+ Int+2} for 460 gold pieces
 26123 | Orc:1    | Bought a scroll of blinking for 112 gold pieces
 26123 | Orc:1    | Bought a scroll of summoning for 142 gold pieces
 26634 | D:13     | Found the +8 arc blade {discharge, rElec}
 26733 | D:13     | Found Kygaf's Antique Armour Shoppe.
 26791 | D:13     | Received a gift from Okawaru
 26797 | D:13     | Got a fine demon whip {god gift}
 26798 | D:13     | Identified the +2 demon whip of Reshan {freeze, MP+9 Str+2
                  | Int+4} (Okawaru gifted it to you on level 13 of the
                  | Dungeon)
 26941 | D:13     | Found a gate to the Vaults.
 26953 | D:13     | Reached XP level 16. HP: 108/108 MP: 19/19
 27213 | D:13     | Reached skill level 5 in Invocations
 27280 | D:13     | Identified the cursed +0 cloak of Terror {Int+4 Dex+4} (You
                  | found it on level 13 of the Dungeon)
 27507 | D:13     | You are sucked into a shaft and drop 2 floors!
 27507 | D:15     | Entered Level 15 of the Dungeon
 27601 | D:14     | Found Folome's Gadget Emporium.
 27709 | D:13     | Reached skill level 5 in Evocations
 27845 | D:14     | Reached skill level 1 in Translocations
 27862 | D:14     | Found Veisat's Antique Weapon Shop.
 27919 | D:14     | Found Bemuegah's Armour Shoppe.
 27960 | D:14     | Received a gift from Okawaru
 28115 | D:14     | Noticed Rupert
 28126 | D:14     | Killed Rupert
 28133 | D:14     | Found Topifate's General Store.
 28311 | D:15     | Reached skill level 5 in Translocations
 28355 | D:15     | Found a staircase to the Depths.
 28565 | D:15     | Reached skill level 10 in Shields
 29312 | Snake:1  | Entered Level 1 of the Snake Pit
 29453 | Snake:1  | Noticed Nikola
 29484 | Snake:1  | Killed Nikola
 29484 | Snake:1  | Received a gift from Okawaru
 29566 | Snake:1  | Identified the +5 flail "Vafeathra" {protect, rC+} (You
                  | found it on level 1 of the Snake Pit)
 29806 | Snake:2  | Noticed Asterion
 29818 | Snake:2  | Killed Asterion
 29819 | Snake:2  | Reached XP level 17. HP: 113/113 MP: 20/20
 30329 | Snake:2  | Reached skill level 10 in Translocations
 30359 | Snake:2  | Found Ypokkabb's Jewellery Emporium.
 30359 | Snake:2  | Found Yfomu's Gadget Boutique.
 30360 | Snake:2  | Found Qyvvicax's Gadget Boutique.
 30684 | Snake:3  | HP: 5/113 [anaconda (3)]
 30896 | Snake:3  | Found Meodwe's Antique Weapon Boutique.
 30979 | Snake:3  | Found Yrietiac's Antique Weapon Shoppe.
 31011 | Snake:3  | Found Epsai's Distillery.
 31043 | Snake:3  | Bought a potion of mutation for 144 gold pieces
 31043 | Snake:3  | Bought a potion of might for 72 gold pieces
 31112 | Snake:3  | Found Eqaji's Magic Scroll Emporium.
 31184 | Snake:3  | Received a gift from Okawaru
 31216 | Snake:3  | Bought a scroll of immolation for 45 gold pieces
 31639 | Snake:3  | Received a gift from Okawaru
 32148 | Snake:4  | Entered Level 4 of the Snake Pit
 32210 | Snake:4  | Reached XP level 18. HP: 119/119 MP: 21/21
 32506 | Snake:4  | Found a snail-covered altar of Cheibriados.
 33050 | Snake:4  | Received a gift from Okawaru
 33070 | Snake:4  | Reached skill level 15 in Shields
 33127 | Snake:4  | Killed from afar by a salamander mystic

Illustrated notes

Levels and vault maps discovered:
D:1:      roderic_dead_forest, layout_rooms, grunt_decor_cap, interstate_on_off,
          st_stairs_2
D:2:      layout_basic, nicolae_dithmenos_through_a_glass_darkly,
          minmay_rat_gold_closets
D:3:      layout_rooms, grunt_temple_overflow_open, kennysheep_small_spiral
D:4:      layout_loops_ring, gup_sewer_entry_bowl
D:5:      layout_loops_ring, kennysheep_mini_moat, uniq_blork_the_orc
D:6:      minmay_polygon_palace, layout_loops_ring,
          minmay_temple_entry_drinking_statues, serial_shops,
          kennysheep_little_box
D:7:      layout_gridville
D:8:      layout_rooms, tgw_trog, chequers_temple_overflow_statue_of_worship,
          water_boxes_lemuel, uniq_maggie, uniq_joseph, uniq_grum, uniq_harold
D:9:      minmay_the_grid_plus [minmay_the_grid_empty, minmay_the_grid_dragon_a,
          minmay_the_grid_mess, minmay_the_grid_fan,
          minmay_the_grid_prize_four_corners], layout_layer_cave,
          old_standard_altar, dpeg_oklobed_lair, minmay_orc_entry_guard_dogs,
          serial_shops, nicolae_shop_behind_doors, minmay_lindwurm_lava,
          uniq_gastronok, uniq_pikel
D:10:     layout_rooms, nicolae_gozag_cash_rules_everything_around_me
D:11:     layout_basic, basic_altar
D:12:     layout_layer_cave, basic_altar
D:13:     minmay_swirls_squares, layout_long_grid, grunt_vaults_entry_fortified,
          serial_shops, nicolae_shop_stone
D:14:     layout_basic, serial_shops, nicolae_shop_waterfront,
          nicolae_shop_crystal, shop, shop, uniq_rupert
D:15:     hangedman_depths_entry_civil_slaughter, layout_loops_ring,
          nicolae_twisting_strands
Lair:1:   layout_chaotic_city, kennysheep_abandoned_house
Lair:2:   layout_gridlike, grunt_megastairs_3, minmay_lair_oklob_chamber
Lair:3:   layout_layer_cave, elwin_shoals_entry_rooms, gauntlet_entry_generic,
          serial_bayou_shore_b
Lair:4:   layout_small_grid, dummy_snake_entry, grunt_forest_large_clearings
Lair:5:   layout_cave_pods, dpeg_slime_entry_enclosed_altar, special_room
          [special_room_bee], beast_lair_carwin_10
Lair:6:   cheibrodos_lair_end_hotspot, layout_cave_pods
Snake:1:  layout_rooms, grunt_megastairs_2, uniq_nikola
Snake:2:  layout_concentric_octagons, grunt_megastairs_5, minmay_shop_grove,
          uniq_asterion
Snake:3:  nicolae_cobra_stairs, layout_gridlike, serial_shops, shop, shop_coins,
          shop, shop, grunt_megastairs_1
Snake:4:  johnstein_snake_rune_scales, layout_misc_corridors, basic_altar,
          nicolae_snake_biting_tails, serial_bayou_shore_a
Orc:1:    layout_caves, gammafunk_ghost_smash, serial_shops, shop, shop,
          shop_statue, basic_altar
Orc:2:    st_orc_mages, layout_caves, serial_shops, shop,
          gammafunk_ghost_fury_of_okawaru, uniq_azrael

Skill      XL: |  1  2  3  4  5  6  7  8  9 10 11 12 13 14 15 16 17 18 |
---------------+-------------------------------------------------------+-----
Fighting       | 4 5 7 9 11 13 15 | 15.0
Shields        | 4 5 6 11 13 15 | 15.0
Maces & Flails | 3 5 7 10 12 14 15 16 | 16.0
Dodging        | 3 6 8 9 11 13 | 13.5
Invocations    | 4 5 |  5.0
Evocations     | 3 5 |  5.0
Translocations | 9 12 14 | 14.2
Armour         | |  3.3

Action                   |  1- 3 |  4- 6 |  7- 9 | 10-12 | 13-15 | 16-18 || total
-------------------------+-------+-------+-------+-------+-------+-------++-------
Melee: Flail             |   117 |   193 |   422 |   178 |       |       ||   910
       Whip              |       |       |       |   369 |       |       ||   369
       Morningstar       |       |       |       |   491 |  1162 |       ||  1653
       Demon whip        |       |       |       |       |    38 |  1051 ||  1089
Throw: Boomerang         |       |     2 |       |       |       |       ||     2
Invok: Heroism           |       |       |     2 |     2 |     3 |       ||     7
       Finesse           |       |       |       |     1 |     2 |       ||     3
 Abil: Fly               |       |       |       |       |     1 |       ||     1
Evoke: Wand              |       |       |       |     7 |       |       ||     7
  Use: Scroll            |       |     7 |     8 |     8 |    21 |    10 ||    54
       Potion            |       |       |     7 |     2 |     3 |     1 ||    13
 Stab: Petrifying        |       |       |       |       |     2 |       ||     2
       Petrified         |       |       |       |       |     1 |       ||     1
Armor: Scale mail        |    15 |       |       |       |       |       ||    15
       Chain mail        |    72 |   115 |    88 |       |       |       ||   275
       Plate armour      |       |       |   110 |   146 |       |       ||   256
       Skin              |       |       |     8 |       |       |       ||     8
       Crystal plate arm |       |       |       |   332 |   931 |   463 ||  1726
Dodge: Dodged            |    42 |    44 |    35 |   141 |   337 |   250 ||   849
Block: Kite shield       |    70 |   128 |   320 |   807 |   881 |   546 ||  2752
       Reflection        |       |     1 |     4 |    16 |       |       ||    21

Table legend: (Time is in decaauts)
 A = Elapsed time spent in this place.
 B = Non-inter-level travel time spent in this place.
 C = Inter-level travel time spent in this place.
 D = Time resting spent in this place.
 E = Time spent auto-exploring this place.
 F = Levels seen in this place.
 G = Mean time per level.
                   A        B        C        D        E       F      G
               +--------+--------+--------+--------+--------+-----+--------+
         Total |  32675 |  30954 |   1721 |   5277 |  18855 |  28 | 1167.0 |
       Dungeon |  17624 |  16577 |   1047 |   3017 |   9813 |  15 | 1174.9 |
          Lair |   8536 |   8110 |    426 |   1164 |   5740 |   6 | 1422.7 |
     Snake Pit |   3578 |   3399 |    179 |    310 |   2344 |   4 |  894.5 |
  Orcish Mines |   1928 |   1860 |     68 |    350 |    957 |   2 |  964.0 |
      Gauntlet |   1007 |   1007 |      0 |    436 |      0 |   1 | 1007.0 |
               +--------+--------+--------+--------+--------+-----+--------+

Top non-repeatable levels by time:
     D:9: 2864 daAuts
  Lair:6: 1840 daAuts
     D:6: 1616 daAuts
  Lair:4: 1614 daAuts
  Lair:3: 1590 daAuts
     D:4: 1497 daAuts
    D:11: 1472 daAuts
     D:8: 1467 daAuts
 Snake:3: 1426 daAuts
    D:13: 1393 daAuts
  Lair:5: 1358 daAuts
   Orc:2: 1195 daAuts
    D:12: 1141 daAuts
  Lair:1: 1074 daAuts
     D:7: 1069 daAuts
